 Dungeon Crawl Stone Soup version 0.26-a0-812-g31a745ddcd (webtiles) character file.

Game seed: 2242053628885227631

102095 sanka the Blocker (level 16, -1/125 (126) HPs)
             Began as a Gnoll Fighter on Nov 24, 2020.
             Was the Champion of Ru.
             Killed from afar by an ice dragon (33 damage)
             ... with a blast of cold
             ... on level 15 of the Dungeon.
             The game lasted 00:59:24 (30333 turns).

sanka the Blocker (Gnoll Fighter)                  Turns: 30333, Time: 00:59:25

HP:   -1/125 (126)  AC: 25    Str: 29    XL:     16   Next: 32%
MP:   23/29         EV: 11    Int: 10    God:    Ru [******]
Gold: 3360          SH: 20    Dex: 18    Spells: 34/34 levels left

rFire    . . .     SeeInvis .   w - +1 scimitar (flame)
rCold    . . .     Faith    .   X - +2 kite shield
rNeg     . . .     Spirit   .   H - +1 plate armour {MR+}
rPois    +         Reflect  +   s - +0 helmet
rElec    .         Harm     .   o - +2 cloak {rPois}
rCorr    .         Rampage  .   J - +0 pair of gloves
MR       ++...                  q - +2 pair of boots
Stlth    ..........             v - amulet of reflection
HPRegen  0.30/turn              Y - +6 ring of strength
MPRegen  0.21/turn              A - +4 ring of evasion

@: exhausted, drained
A: distributed training, fangs 1, hated by all, inability to train dodging,
unskilled 1, inexperienced 1, strong nose
a: Draw Out Power, Power Leap, Apocalypse, Renounce Religion


You were on level 15 of the Dungeon.
You worshipped Ru.
Ru was exalted by your worship.
You visited 4 branches of the dungeon, and saw 24 of its levels.
You also visited: Sewer and Bailey.

You collected 4282 gold pieces.
You spent 922 gold pieces at shops.


Innate Abilities, Weirdness & Mutations

Your experience applies equally to all skills.
You have very sharp teeth.
You are hated by all.
You cannot train Dodging skill.
You are somewhat unskilled. (-1 Apt)
You are somewhat inexperienced. (-2 XL)
Your uncanny sense of smell can sniff out nearby items.


   Skills:
 + Level 11.4(10.4) Fighting
 + Level 9.9(8.9) Short Blades
 + Level 9.9(8.9) Long Blades
 + Level 9.9(8.9) Axes
 + Level 9.9(8.9) Maces & Flails
 + Level 10.7(9.7) Polearms
 + Level 9.9(8.9) Staves
 + Level 9.9(8.9) Slings
 + Level 9.9(8.9) Bows
 + Level 9.9(8.9) Crossbows
 + Level 9.9(8.9) Throwing
 + Level 11.4(10.4) Armour
   Level 0.0 Dodging
 + Level 9.9(8.9) Stealth
 + Level 11.4(10.4) Shields
 + Level 9.9(8.9) Unarmed Combat
 + Level 9.9(8.9) Spellcasting
 + Level 8.3(7.3) Conjurations
 + Level 8.3(7.3) Hexes
   Level 6.7(5.8) Summonings
 + Level 8.3(7.3) Necromancy
 + Level 8.3(7.3) Translocations
 + Level 8.3(7.3) Transmutations
 + Level 8.3(7.3) Fire Magic
 + Level 8.3(7.3) Ice Magic
 + Level 8.3(7.3) Air Magic
 + Level 8.3(7.3) Earth Magic
 + Level 8.3(7.3) Poison Magic
 + Level 10.7(9.7) Invocations
 + Level 9.9(8.9) Evocations


You had 34 spell levels left.
You didn't know any spells.
Your spell library contained the following spells:

 Spells                   Type           Power        Failure   Level
 Sting                    Tmut/Pois      ###.         10%         1
 Poisonous Vapours        Pois/Air       ###...       16%         2
 Ignite Poison            Fire/Tmut/Pois ###.....     30%         3
 Mephitic Cloud           Conj/Pois/Air  ###.....     30%         3
 Olgreb's Toxic Radiance  Pois           ###.....     69%         4
 Alistair's Intoxication  Tmut/Pois      ###......    95%         5
 Lee's Rapid Deconstruct  Erth           ###.......   95%         5
 Silence                  Hex/Air        ###.......   95%         5
 Conjure Ball Lightning   Conj/Air       ###.......   100%        6
 Iron Shot                Conj/Erth      ###.......   100%        6
 Tornado                  Air            ###.......   100%        9
 Summon Small Mammal      Summ           Unusable     N/A         1
 Call Imp                 Summ           Unusable     N/A         2
 Summon Guardian Golem    Hex/Summ       Unusable     N/A         3
 Call Canine Familiar     Summ           Unusable     N/A         3
 Summon Ice Beast         Ice/Summ       Unusable     N/A         4
 Summon Lightning Spire   Summ/Air       Unusable     N/A         4
 Dragon's Call            Summ           Unusable     N/A         9

Inventory:

Hand Weapons
 a - a +2 trident of venom
 b - the +8 hand axe of Ponoesa {antimagic, Dex+6}

   It reduces the magical energy of the wielder, and disrupts the spells and
   magical abilities of those hit.
   Natural abilities and divine invocations are not affected.
   It affects your dexterity (+6).
 w - a +1 scimitar of flaming (weapon)
Missiles
 S - 7 throwing nets {=f}
 T - 25 curare-tipped darts {=f}
Armour
 i - a scarf of invisibility
 o - a +2 cloak of poison resistance (worn)
 q - a +2 pair of boots (worn)
 s - a +0 helmet (worn)
 H - a +1 plate armour of magic resistance (worn)
 J - a +0 pair of gloves (worn)
 X - a +2 kite shield (worn)
Jewellery
 v - an amulet of reflection (around neck)
 A - a +4 ring of evasion (right hand)
 N - an uncursed amulet of regeneration
 Y - a +6 ring of strength (left hand)
Wands
 c - a wand of polymorph (2)
 K - a wand of iceblast (9)
 M - a wand of paralysis (25)
 O - a wand of disintegration (2)
 V - a wand of acid (11)
 Z - a wand of digging (32)
Scrolls
 e - 20 scrolls of teleportation {@r4}
 h - 3 scrolls of enchant weapon
 m - a scroll of brand weapon
 n - 14 scrolls of remove curse
 t - a scroll of silence {!r}
 x - 3 scrolls of immolation {!r}
 y - a scroll of amnesia
 C - 3 scrolls of blinking
 E - 3 scrolls of fear
 I - 3 scrolls of fog
 P - a scroll of holy word
 R - 10 scrolls of magic mapping
 U - 5 scrolls of enchant armour
Potions
 d - 6 potions of might
 f - a potion of berserk rage {!q}
 g - 6 potions of attraction {!q}
 j - 3 potions of mutation {!q}
 k - 4 potions of curing {@q1}
 l - 3 potions of magic
 p - a potion of degeneration {unknown}
 r - 4 potions of flight
 u - 2 potions of cancellation
 z - 3 potions of lignification {!q}
 B - 3 potions of heal wounds {@q2}
 D - 2 potions of haste {@q3}
 F - 4 potions of ambrosia
 G - a potion of resistance
 L - 2 potions of brilliance
Miscellaneous
 W - a condenser vane

Dungeon Overview and Level Annotations

Branches:
Dungeon (15/15)            Temple (1/1) D:4            Lair (6/6) D:10
  Swamp (0/4) Lair:3       Shoals (0/4) Lair:3        Slime (0/5) Lair:6
    Orc (2/2) D:10            Elf (0/3) Orc:2        Vaults (0/5) D:13
  Sewer (visited)          Bailey (visited)
 Depths: D:15

Altars:
Ashenzari
Cheibriados
Dithmenos
Elyvilon
Fedhas
Gozag
Hepliaklqana
Kikubaaqudgha
Makhleb
Nemelex Xobeh
Okawaru
Qazlal
Ru
Sif Muna
Trog
Uskayaw
Vehumet
Wu Jian
Xom
Yredelemnul
Zin
The Shining One
Beogh

Shops:
D:8 [   D:10 [   D:12 *   Orc:2 (}[=

Annotations:
D:11 2 runed translucent doors, Yendr0's ghost, novice DDFi
D:13 3 runed translucent doors

...........▒▒..▒......▒......▒▒▒
..........▒▒...▒......▒......▒
.▒▒.....▒▒....▒......▒......▒
▒+▒▒....▒▒..8..▒......▒......▒
..▒▒....▒▒.D}..▒▒▒▒▒▒▒▒▒▒▒▒▒▒▒
.........▒.▒▒.............
........▒▒. ▒▒............
))÷....▒▒ ▒.D.......... .<▒▒...▒
▒..g......... ▒▒▒▒...▒∆
∆▒...))....... ..▒▒...▒∆
∆▒▒.)[▒▒▒..▒▒. ..▒▒...▒∆
∆▒▒...▒▒▒..▒ ...▒...▒∆
∆▒........... ...▒...▒▒
▒▒........... ..▒▒....▒▒
▒▒............
..▒▒.....▒▒▒........≈≈≈≈.
...................≈≈_≈..


You could see 2 ice dragons.


Message History

An ice dragon comes into view.
Items here: ! ) [[.
Okay, then.
The ice dragon roars deafeningly!
Things that are here:
a +0 trident; a +0 chain mail; 11 gold pieces
Items here: ) [[ £ †.
Items here: ! ) [[.
An ice dragon is nearby!
An ice dragon comes into view.
You redirect the ice dragon's attack!
The ice dragon roars deafeningly!
The ice dragon breathes frost at you.
The blast of cold hits the ice dragon!
The ice dragon resists.
The blast of cold hits you. The ice dragon closely misses you.
The ice dragon claws you but does no damage.
The ice dragon tramples you but does no damage.
You barely miss the ice dragon.
The ice dragon is lightly wounded.
The ice dragon breathes frost at you.
The blast of cold hits the ice dragon!
The ice dragon resists.
The blast of cold hits you!!!
* * * LOW HITPOINT WARNING * * *
You focus your will and paralyse the ice dragon in retribution!
The ice dragon breathes frost at you. The blast of cold hits you!!
You die...

Action                   |  1- 3 |  4- 6 |  7- 9 | 10-12 | 13-15 | 16-18 || total
-------------------------+-------+-------+-------+-------+-------+-------++-------
Melee: Trident           |    90 |   189 |   211 |   681 |  1138 |       ||  2309
       Bite              |    13 |    29 |    37 |   111 |   388 |    52 ||   630
       Hand axe          |       |    82 |   182 |    36 |    28 |       ||   328
       Scimitar          |       |       |       |     7 |   732 |   207 ||   946
       Unarmed           |       |       |       |       |     9 |       ||     9
Invok: Sacrifice Experie |       |     1 |       |       |       |       ||     1
       Sacrifice Nimblen |       |       |     1 |       |       |       ||     1
       Sacrifice Love    |       |       |       |     1 |       |       ||     1
       Sacrifice Skill   |       |       |       |     1 |       |       ||     1
       Apocalypse        |       |       |       |     2 |     5 |     1 ||     8
Evoke: Wand              |       |       |     2 |     2 |     3 |       ||     7
  Use: Scroll            |       |     2 |     1 |    10 |    10 |       ||    23
       Potion            |       |       |       |     4 |       |       ||     4
 Stab: Paralysed         |       |       |     3 |     9 |    27 |     3 ||    42
       Sleeping          |       |       |       |     4 |       |       ||     4
       Invisible         |       |       |       |     7 |     5 |     1 ||    13
       Held in net/web   |       |       |       |     1 |       |       ||     1
       Distracted        |       |       |       |     3 |    12 |       ||    15
Armor: Scale mail        |    19 |    16 |       |       |       |       ||    35
       Plate armour      |       |    61 |   129 |     4 |   351 |    43 ||   588
       Chain mail        |       |       |       |   165 |   304 |       ||   469
Dodge: Dodged            |     9 |    32 |    65 |    75 |   284 |    40 ||   505
Block: Kite shield       |    38 |   135 |   302 |   465 |  1584 |   145 ||  2669
       Reflection        |       |     6 |     2 |     8 |    29 |     8 ||    53
       Rpst.: Scimitar   |       |       |       |     1 |    26 |     7 ||    34

Levels and vault maps discovered:
D:1:      wheals_arrival_linesprint, layout_basic, dk_noncrumbling_3
D:2:      layout_loops_ring, st_stairs_5, hangedman_decor_diamond_cutter,
          kennysheep_minor_cross, kennysheep_path_1, minmay_diced_spiral,
          uniq_natasha, uniq_robin
D:3:      layout_loops_ring, lemuel_coloured_pillars_altar,
          overflow_temple_1_default
D:4:      layout_cave_pods, kennysheep_little_box, minmay_temple_entry_glass,
          portal_sewer_entry_f
D:5:      layout_cave_pools, chequers_mini_garden
D:6:      layout_basic, minmay_misc_feat_doors, led_sif_pool
D:7:      layout_loops_corners, basic_altar, chequers_avenue,
          minmay_three_doors, uniq_pikel
D:8:      layout_loops_cross, trog_ov_bears_minmay, serial_shops, shop_statue,
          uniq_maggie
D:9:      layout_loops_ring, minitemple, enter_bailey_3
D:10:     layout_loops_ring, david_lair_shrubbed, orc_david_3
D:11:     layout_cave_pools, ebering_ghost_disaster_area, serial_shops, shop,
          kennysheep_potato
D:12:     layout_cross, serial_shops, kennysheep_mini
D:13:     layout_cave_pools, david_vaults_5,
          ploomutoo_gammafunk_ghost_potion_laboratory, serial_bayou_pond_c,
          minmay_guarded_unrand_finisher
D:14:     minmay_razor_zed, layout_basic, kennysheep_boxes, basic_altar,
          columned_hall_lemuel, corexii_leaking_fountain, minmay_curled_crystal,
          xom_redecorated, uniq_frances
D:15:     grunt_enter_depths_hoard, layout_gridville, fedhas_altar_2,
          special_room [special_room_mythical_zoo], uniq_louise
Temple:   kb_temple_of_zot
Lair:1:   layout_long_grid, lemuel_fruit_tree, grunt_megastairs_4, uniq_sonja
Lair:2:   layout_chaotic_city, serial_forest, infiniplex_forest_clump_small,
          infiniplex_forest_join, infiniplex_forest_clump_diagonal,
          infiniplex_forest_end_2, infiniplex_forest_lined_3,
          infiniplex_forest_straight_5, infiniplex_forest_lined_3,
          infiniplex_forest_straight_4, infiniplex_staircase_pool_2
Lair:3:   layout_chaotic_city, minmay_swamp_entry_swarm,
          minmay_shoals_entry_lonely_mermaid, basic_altar, grunt_megastairs_2
Lair:4:   layout_regular_city
Lair:5:   layout_roguey, lemuel_fruit_fields, uniq_urug
Lair:6:   grunt_lair_end_beastmaster, layout_gridlike,
          minmay_slime_entry_pillars
Orc:1:    layout_diamond_mine, basic_altar
Orc:2:    pubby_orc_utopia, serial_shops, uniq_erolcha, uniq_nessos,
          uniq_josephine

Notes
Turn   | Place    | Note
-------+----------+-------------------------------------------
     0 | D:1      | sanka the Gnoll Fighter began the quest for the Orb.
     0 | D:1      | Reached XP level 1. HP: 23/23 MP: 1/1
   214 | D:1      | Reached XP level 2. HP: 29/29 MP: 2/2
  1028 | D:2      | Reached XP level 3. HP: 35/35 MP: 3/3
  1166 | D:2      | Reached skill level 1 in Invocations
  1218 | D:2      | Reached skill level 1 in Short Blades
  1218 | D:2      | Reached skill level 1 in Long Blades
  1218 | D:2      | Reached skill level 1 in Axes
  1218 | D:2      | Reached skill level 1 in Maces & Flails
  1218 | D:2      | Reached skill level 1 in Staves
  1218 | D:2      | Reached skill level 1 in Slings
  1218 | D:2      | Reached skill level 1 in Bows
  1218 | D:2      | Reached skill level 1 in Crossbows
  1218 | D:2      | Reached skill level 1 in Throwing
  1218 | D:2      | Reached skill level 1 in Dodging
  1218 | D:2      | Reached skill level 1 in Stealth
  1218 | D:2      | Reached skill level 1 in Unarmed Combat
  1218 | D:2      | Reached skill level 1 in Spellcasting
  1218 | D:2      | Reached skill level 1 in Evocations
  1255 | D:2      | Reached XP level 4. HP: 41/41 MP: 5/5
  1271 | D:2      | Reached skill level 1 in Conjurations
  1271 | D:2      | Reached skill level 1 in Hexes
  1271 | D:2      | Reached skill level 1 in Summonings
  1271 | D:2      | Reached skill level 1 in Necromancy
  1271 | D:2      | Reached skill level 1 in Translocations
  1271 | D:2      | Reached skill level 1 in Transmutations
  1271 | D:2      | Reached skill level 1 in Fire Magic
  1271 | D:2      | Reached skill level 1 in Ice Magic
  1271 | D:2      | Reached skill level 1 in Air Magic
  1271 | D:2      | Reached skill level 1 in Earth Magic
  1271 | D:2      | Reached skill level 1 in Poison Magic
  1678 | D:2      | Noticed Robin
  1705 | D:1      | Killed Robin
  1705 | D:1      | Reached XP level 5. HP: 37/47 MP: 6/6
  1915 | D:2      | Noticed Natasha
  1925 | D:2      | Killed Natasha
  2380 | D:3      | Found a shimmering blue altar of Sif Muna.
  2498 | D:3      | Reached skill level 2 in Invocations
  2498 | D:3      | Reached XP level 6. HP: 53/53 MP: 8/8
  2887 | D:3      | Found a hide-covered altar of Uskayaw.
  3218 | D:4      | Got a bloodstained hand axe
  3219 | D:4      | Identified the +8 hand axe of Ponoesa {antimagic, Dex+6}
                  | (You found it on level 4 of the Dungeon)
  3291 | D:4      | Reached skill level 2 in Short Blades
  3291 | D:4      | Reached skill level 2 in Long Blades
  3291 | D:4      | Reached skill level 2 in Axes
  3291 | D:4      | Reached skill level 2 in Maces & Flails
  3291 | D:4      | Reached skill level 5 in Polearms
  3291 | D:4      | Reached skill level 2 in Staves
  3291 | D:4      | Reached skill level 2 in Slings
  3291 | D:4      | Reached skill level 2 in Bows
  3291 | D:4      | Reached skill level 2 in Crossbows
  3291 | D:4      | Reached skill level 2 in Throwing
  3291 | D:4      | Reached skill level 2 in Dodging
  3291 | D:4      | Reached skill level 2 in Stealth
  3291 | D:4      | Reached skill level 2 in Unarmed Combat
  3291 | D:4      | Reached skill level 2 in Spellcasting
  3291 | D:4      | Reached skill level 2 in Evocations
  3339 | D:4      | Found a staircase to the Ecumenical Temple.
  3524 | D:4      | Found an ornate altar of the Wu Jian Council.
  3617 | D:4      | Found a glowing drain.
  3634 | Sewer    | Entered a sewer
  3828 | Sewer    | Reached XP level 7. HP: 57/59 MP: 3/10
  3879 | Sewer    | Reached skill level 7 in Fighting
  3879 | Sewer    | Reached skill level 7 in Armour
  3879 | Sewer    | Reached skill level 7 in Shields
  3891 | Sewer    | Reached skill level 2 in Conjurations
  3891 | Sewer    | Reached skill level 2 in Hexes
  3891 | Sewer    | Reached skill level 2 in Summonings
  3891 | Sewer    | Reached skill level 2 in Necromancy
  3891 | Sewer    | Reached skill level 2 in Translocations
  3891 | Sewer    | Reached skill level 2 in Transmutations
  3891 | Sewer    | Reached skill level 2 in Fire Magic
  3891 | Sewer    | Reached skill level 2 in Ice Magic
  3891 | Sewer    | Reached skill level 2 in Air Magic
  3891 | Sewer    | Reached skill level 2 in Earth Magic
  3891 | Sewer    | Reached skill level 2 in Poison Magic
  4256 | Temple   | Entered the Ecumenical Temple
  4373 | Temple   | Became a worshipper of Ru the Awakened
  4702 | D:5      | Entered Level 5 of the Dungeon
  4783 | D:5      | Reached skill level 3 in Invocations
  5041 | D:5      | Reached XP level 8. HP: 67/67 MP: 4/12
  5415 | D:6      | Reached skill level 3 in Short Blades
  5415 | D:6      | Reached skill level 3 in Long Blades
  5415 | D:6      | Reached skill level 3 in Axes
  5415 | D:6      | Reached skill level 3 in Maces & Flails
  5415 | D:6      | Reached skill level 3 in Staves
  5415 | D:6      | Reached skill level 3 in Slings
  5415 | D:6      | Reached skill level 3 in Bows
  5415 | D:6      | Reached skill level 3 in Crossbows
  5415 | D:6      | Reached skill level 3 in Throwing
  5415 | D:6      | Reached skill level 3 in Dodging
  5415 | D:6      | Reached skill level 3 in Stealth
  5415 | D:6      | Reached skill level 3 in Unarmed Combat
  5415 | D:6      | Reached skill level 3 in Spellcasting
  5415 | D:6      | Reached skill level 3 in Evocations
  5915 | D:6      | Found a shimmering blue altar of Sif Muna.
  6037 | D:6      | Gained mutation: You are somewhat inexperienced. (-2 XL)
                  | [Ru sacrifice]
  6037 | D:6      | Reached XP level 7. HP: 60/60 MP: 4/4
  6037 | D:6      | Reached XP level 6. HP: 55/55 MP: 3/3
  6037 | D:6      | Reached * piety under Ru
  6037 | D:6      | Reached ** piety under Ru
  6118 | D:7      | Noticed an orc warrior
  6126 | D:7      | Killed an orc warrior
  6156 | D:7      | Reached XP level 7. HP: 56/60 MP: 4/12
  6332 | D:7      | Reached skill level 3 in Conjurations
  6332 | D:7      | Reached skill level 3 in Hexes
  6332 | D:7      | Reached skill level 3 in Summonings
  6332 | D:7      | Reached skill level 3 in Necromancy
  6332 | D:7      | Reached skill level 3 in Translocations
  6332 | D:7      | Reached skill level 3 in Transmutations
  6332 | D:7      | Reached skill level 3 in Fire Magic
  6332 | D:7      | Reached skill level 3 in Ice Magic
  6332 | D:7      | Reached skill level 3 in Air Magic
  6332 | D:7      | Reached skill level 3 in Earth Magic
  6332 | D:7      | Reached skill level 3 in Poison Magic
  6332 | D:7      | Reached skill level 4 in Invocations
  6474 | D:7      | Found a glowing golden altar of the Shining One.
  6525 | D:7      | Noticed Pikel
  6574 | D:6      | Killed Pikel
  6574 | D:6      | Reached skill level 4 in Short Blades
  6574 | D:6      | Reached skill level 4 in Long Blades
  6574 | D:6      | Reached skill level 4 in Axes
  6574 | D:6      | Reached skill level 4 in Maces & Flails
  6574 | D:6      | Reached skill level 6 in Polearms
  6574 | D:6      | Reached skill level 4 in Staves
  6574 | D:6      | Reached skill level 4 in Slings
  6574 | D:6      | Reached skill level 4 in Bows
  6574 | D:6      | Reached skill level 4 in Crossbows
  6574 | D:6      | Reached skill level 4 in Throwing
  6574 | D:6      | Reached skill level 4 in Dodging
  6574 | D:6      | Reached skill level 4 in Stealth
  6574 | D:6      | Reached skill level 4 in Unarmed Combat
  6574 | D:6      | Reached skill level 4 in Spellcasting
  6574 | D:6      | Reached skill level 4 in Evocations
  6574 | D:6      | Reached XP level 8. HP: 31/68 MP: 4/14
  7291 | D:7      | Noticed a slime creature
  7302 | D:7      | Killed a slime creature
  7362 | D:7      | Noticed a purple ugly thing
  7383 | D:7      | Killed a purple ugly thing
  7840 | D:8      | Noticed a wyvern
  7846 | D:8      | Killed a wyvern
  7846 | D:8      | Reached skill level 8 in Fighting
  7846 | D:8      | Reached skill level 8 in Armour
  7846 | D:8      | Reached skill level 8 in Shields
  7846 | D:8      | Reached XP level 9. HP: 74/74 MP: 15/15
  7855 | D:8      | Found Plog's Antique Armour Boutique.
  7930 | D:8      | Reached skill level 5 in Invocations
  7937 | D:8      | Found a bloodstained altar of Trog.
  8069 | D:8      | Identified cursed +0 steam dragon scales
  8069 | D:8      | Noticed Maggie
  8092 | D:8      | Killed Maggie
  8092 | D:8      | Reached skill level 4 in Conjurations
  8092 | D:8      | Reached skill level 4 in Hexes
  8092 | D:8      | Reached skill level 4 in Summonings
  8092 | D:8      | Reached skill level 4 in Necromancy
  8092 | D:8      | Reached skill level 4 in Translocations
  8092 | D:8      | Reached skill level 4 in Transmutations
  8092 | D:8      | Reached skill level 4 in Fire Magic
  8092 | D:8      | Reached skill level 4 in Ice Magic
  8092 | D:8      | Reached skill level 4 in Air Magic
  8092 | D:8      | Reached skill level 4 in Earth Magic
  8092 | D:8      | Reached skill level 4 in Poison Magic
  8631 | D:8      | Bought an embroidered robe for 122 gold pieces
  8631 | D:8      | Bought an ichor-stained chain mail for 313 gold pieces
  8631 | D:8      | Bought a shiny kite shield for 247 gold pieces
  8641 | D:8      | Identified the cursed +1 chain mail of Hopscotch {Harm}
                  | (You bought it in a shop on level 8 of the Dungeon)
  8867 | D:9      | Reached skill level 5 in Short Blades
  8867 | D:9      | Reached skill level 5 in Long Blades
  8867 | D:9      | Reached skill level 5 in Axes
  8867 | D:9      | Reached skill level 5 in Maces & Flails
  8867 | D:9      | Reached skill level 5 in Staves
  8867 | D:9      | Reached skill level 5 in Slings
  8867 | D:9      | Reached skill level 5 in Bows
  8867 | D:9      | Reached skill level 5 in Crossbows
  8867 | D:9      | Reached skill level 5 in Throwing
  8867 | D:9      | Reached skill level 5 in Dodging
  8867 | D:9      | Reached skill level 5 in Stealth
  8867 | D:9      | Reached skill level 5 in Unarmed Combat
  8867 | D:9      | Reached skill level 5 in Spellcasting
  8867 | D:9      | Reached skill level 5 in Evocations
  9043 | D:9      | Found a flagged portal.
  9058 | Bailey   | Entered a bailey
  9086 | Bailey   | Gained mutation: You cannot train Dodging skill. [Ru
                  | sacrifice]
  9086 | Bailey   | Reduced skill Dodging to level 0
  9086 | Bailey   | Reached *** piety under Ru
  9236 | Bailey   | Reached skill level 7 in Polearms
  9236 | Bailey   | Reached XP level 10. HP: 80/82 MP: 17/17
  9952 | D:9      | Found a glowing golden altar of the Shining One.
  9954 | D:9      | Found a shadowy altar of Dithmenos.
  9985 | D:10     | Entered Level 10 of the Dungeon
 10003 | D:10     | Reached skill level 6 in Invocations
 10222 | D:10     | Found a staircase to the Lair.
 10762 | D:10     | Found Jicy's Armour Shop.
 10764 | D:10     | Found a staircase to the Orcish Mines.
 10764 | D:10     | Noticed an orc knight
 10793 | D:10     | Killed an orc knight
 10820 | D:10     | Reached skill level 9 in Fighting
 10820 | D:10     | Reached skill level 9 in Armour
 10820 | D:10     | Reached skill level 9 in Shields
 11050 | D:10     | Bought a +2 cloak of poison resistance for 240 gold pieces
 11227 | D:11     | Reached skill level 6 in Short Blades
 11227 | D:11     | Reached skill level 6 in Long Blades
 11227 | D:11     | Reached skill level 6 in Axes
 11227 | D:11     | Reached skill level 6 in Maces & Flails
 11227 | D:11     | Reached skill level 6 in Staves
 11227 | D:11     | Reached skill level 6 in Slings
 11227 | D:11     | Reached skill level 6 in Bows
 11227 | D:11     | Reached skill level 6 in Crossbows
 11227 | D:11     | Reached skill level 6 in Throwing
 11227 | D:11     | Reached skill level 6 in Stealth
 11227 | D:11     | Reached skill level 6 in Unarmed Combat
 11227 | D:11     | Reached skill level 6 in Spellcasting
 11227 | D:11     | Reached skill level 6 in Evocations
 11283 | D:11     | Noticed a red ugly thing
 11293 | D:11     | Killed a brown ugly thing
 11293 | D:11     | Reached skill level 5 in Conjurations
 11293 | D:11     | Reached skill level 5 in Hexes
 11293 | D:11     | Reached skill level 5 in Summonings
 11293 | D:11     | Reached skill level 5 in Necromancy
 11293 | D:11     | Reached skill level 5 in Translocations
 11293 | D:11     | Reached skill level 5 in Transmutations
 11293 | D:11     | Reached skill level 5 in Fire Magic
 11293 | D:11     | Reached skill level 5 in Ice Magic
 11293 | D:11     | Reached skill level 5 in Air Magic
 11293 | D:11     | Reached skill level 5 in Earth Magic
 11293 | D:11     | Reached skill level 5 in Poison Magic
 11293 | D:11     | Reached XP level 11. HP: 74/88 MP: 20/20
 11352 | D:11     | Found Sir Owon's Armour Emporium.
 11472 | D:11     | Gained mutation: You are hated by all. [Ru sacrifice]
 11472 | D:11     | Reduced skill Summonings to level 0
 11472 | D:11     | Reached **** piety under Ru
 11472 | D:11     | Reached ***** piety under Ru
 11698 | D:11     | Found a large runed translucent door.
 11698 | D:11     | Found a large runed translucent door.
 11702 | D:11     | Noticed Yendr0's ghost (novice DDFi)
 11880 | Lair:1   | Entered Level 1 of the Lair of Beasts
 11899 | Lair:1   | Noticed Sonja
 12154 | Lair:1   | Reached skill level 1 in Summonings
 12154 | Lair:1   | Reached skill level 7 in Invocations
 12174 | Lair:1   | Reached skill level 8 in Polearms
 12544 | Lair:1   | Noticed Sonja
 12544 | Lair:1   | Sonja changed into Sonja the ogre
 12548 | Lair:1   | Killed Sonja the ogre
 12850 | Lair:3   | Noticed a death yak
 12979 | Lair:2   | Noticed a boulder beetle
 13003 | Lair:2   | Killed a boulder beetle
 13003 | Lair:2   | Reached skill level 2 in Summonings
 13043 | Lair:2   | Gained mutation: You are somewhat unskilled. (-1 Apt) [Ru
                  | sacrifice]
 13043 | Lair:2   | Reduced skill Fighting to level 8
 13043 | Lair:2   | Reduced skill Polearms to level 7
 13043 | Lair:2   | Reduced skill Armour to level 8
 13043 | Lair:2   | Reduced skill Shields to level 8
 13043 | Lair:2   | Reduced skill Summonings to level 1
 13043 | Lair:2   | Reduced skill Invocations to level 6
 13043 | Lair:2   | Reached ****** piety under Ru
 13103 | Lair:2   | Reached skill level 2 in Summonings
 13225 | Lair:2   | Reached XP level 12. HP: 73/93 MP: 21/21
 13229 | Lair:2   | Reached skill level 7 in Invocations
 13776 | Lair:2   | Reached skill level 9 in Fighting
 13776 | Lair:2   | Reached skill level 9 in Armour
 13776 | Lair:2   | Reached skill level 9 in Shields
 14417 | Lair:3   | Noticed a death yak
 14418 | Lair:3   | Noticed a death yak
 14418 | Lair:3   | Noticed a death yak
 14418 | Lair:3   | Noticed a death yak
 14418 | Lair:3   | Noticed a death yak
 14418 | Lair:3   | Noticed a death yak
 14420 | Lair:3   | Killed a death yak
 14420 | Lair:3   | Killed a death yak
 14420 | Lair:3   | Reached skill level 8 in Polearms
 14421 | Lair:3   | Killed a death yak
 14426 | Lair:3   | Killed a death yak
 14429 | Lair:3   | Killed a death yak
 14434 | Lair:3   | Killed a death yak
 14434 | Lair:3   | Reached skill level 3 in Summonings
 14523 | Lair:3   | Reached skill level 7 in Short Blades
 14523 | Lair:3   | Reached skill level 7 in Long Blades
 14523 | Lair:3   | Reached skill level 7 in Axes
 14523 | Lair:3   | Reached skill level 7 in Maces & Flails
 14523 | Lair:3   | Reached skill level 7 in Staves
 14523 | Lair:3   | Reached skill level 7 in Slings
 14523 | Lair:3   | Reached skill level 7 in Bows
 14523 | Lair:3   | Reached skill level 7 in Crossbows
 14523 | Lair:3   | Reached skill level 7 in Throwing
 14523 | Lair:3   | Reached skill level 7 in Stealth
 14523 | Lair:3   | Reached skill level 7 in Unarmed Combat
 14523 | Lair:3   | Reached skill level 7 in Spellcasting
 14523 | Lair:3   | Reached skill level 7 in Evocations
 14639 | Lair:3   | Noticed an eight-headed hydra
 14652 | Lair:3   | Killed a three-headed hydra
 14780 | Lair:3   | Found a stormy altar of Qazlal.
 14851 | Lair:3   | Noticed a death yak
 14857 | Lair:3   | Noticed a death yak
 14859 | Lair:3   | Noticed a death yak
 14863 | Lair:3   | Killed a death yak
 14863 | Lair:3   | Killed a death yak
 14863 | Lair:3   | Reached skill level 6 in Conjurations
 14863 | Lair:3   | Reached skill level 6 in Hexes
 14863 | Lair:3   | Reached skill level 6 in Necromancy
 14863 | Lair:3   | Reached skill level 6 in Translocations
 14863 | Lair:3   | Reached skill level 6 in Transmutations
 14863 | Lair:3   | Reached skill level 6 in Fire Magic
 14863 | Lair:3   | Reached skill level 6 in Ice Magic
 14863 | Lair:3   | Reached skill level 6 in Air Magic
 14863 | Lair:3   | Reached skill level 6 in Earth Magic
 14863 | Lair:3   | Reached skill level 6 in Poison Magic
 14868 | Lair:3   | Killed a death yak
 14868 | Lair:3   | Reached XP level 13. HP: 82/100 MP: 15/23
 14873 | Lair:3   | Reached skill level 8 in Invocations
 15151 | Lair:3   | Found a staircase to the Shoals.
 15311 | Lair:3   | Found a staircase to the Swamp.
 16196 | Lair:4   | Reached skill level 4 in Summonings
 16974 | Lair:5   | Noticed Urug
 16988 | Lair:4   | Killed Urug
 17574 | Lair:5   | Reached skill level 9 in Polearms
 17986 | Lair:6   | Entered Level 6 of the Lair of Beasts
 18451 | Lair:6   | Reached skill level 10 in Fighting
 18451 | Lair:6   | Reached skill level 10 in Armour
 18451 | Lair:6   | Reached skill level 10 in Shields
 18479 | Lair:6   | Reached skill level 8 in Short Blades
 18479 | Lair:6   | Reached skill level 8 in Long Blades
 18479 | Lair:6   | Reached skill level 8 in Axes
 18479 | Lair:6   | Reached skill level 8 in Maces & Flails
 18479 | Lair:6   | Reached skill level 8 in Staves
 18479 | Lair:6   | Reached skill level 8 in Slings
 18479 | Lair:6   | Reached skill level 8 in Bows
 18479 | Lair:6   | Reached skill level 8 in Crossbows
 18479 | Lair:6   | Reached skill level 8 in Throwing
 18479 | Lair:6   | Reached skill level 8 in Stealth
 18479 | Lair:6   | Reached skill level 8 in Unarmed Combat
 18479 | Lair:6   | Reached skill level 8 in Spellcasting
 18479 | Lair:6   | Reached skill level 8 in Evocations
 18997 | Lair:6   | Reached XP level 14. HP: 109/109 MP: 26/26
 19014 | Lair:6   | Found a staircase to the Slime Pits.
 19110 | Lair:6   | Reached skill level 9 in Invocations
 19445 | Lair:5   | Got a scorched whip
 19446 | Lair:5   | Identified the +1 whip "Pendulum" {freeze, rC- Str+9} (You
                  | found it on level 5 of the Lair of Beasts)
 19600 | Lair:6   | Noticed a dire elephant
 19650 | Lair:6   | Killed a dire elephant
 19650 | Lair:6   | Reached skill level 7 in Conjurations
 19650 | Lair:6   | Reached skill level 7 in Hexes
 19650 | Lair:6   | Reached skill level 7 in Necromancy
 19650 | Lair:6   | Reached skill level 7 in Translocations
 19650 | Lair:6   | Reached skill level 7 in Transmutations
 19650 | Lair:6   | Reached skill level 7 in Fire Magic
 19650 | Lair:6   | Reached skill level 7 in Ice Magic
 19650 | Lair:6   | Reached skill level 7 in Air Magic
 19650 | Lair:6   | Reached skill level 7 in Earth Magic
 19650 | Lair:6   | Reached skill level 7 in Poison Magic
 19818 | Lair:6   | Reached skill level 5 in Summonings
 20017 | Lair:6   | Identified the Compendium of the Shifting Entourage
 20019 | Lair:6   | Identified Zeopeiz's Volume of Supportive Earth
 20690 | Orc:1    | Entered Level 1 of the Orcish Mines
 20895 | Orc:1    | Found a bloodstained altar of Trog.
 21039 | Orc:2    | Entered Level 2 of the Orcish Mines
 21039 | Orc:2    | Noticed Erolcha
 21040 | Orc:2    | Killed Erolcha
 21307 | Orc:2    | Noticed Josephine
 21319 | Orc:2    | Killed Josephine
 22001 | Orc:2    | Noticed Nessos
 22013 | Orc:2    | Killed Nessos
 22027 | Orc:2    | Paralysed by an orc sorcerer for 6 turns
 22229 | Orc:2    | Found a staircase to the Elven Halls.
 22362 | Orc:2    | Noticed an orc warlord
 22471 | Orc:2    | Killed an orc warlord
 22882 | Orc:2    | Found a roughly hewn altar of Beogh.
 22929 | Orc:2    | Found Galos's Antique Weapon Emporium.
 23053 | Orc:2    | Found Rul Ceif's Gadget Shoppe.
 23206 | Orc:2    | Reached XP level 15. HP: 89/116 MP: 27/27
 23386 | Orc:2    | Reached skill level 9 in Short Blades
 23386 | Orc:2    | Reached skill level 9 in Long Blades
 23386 | Orc:2    | Reached skill level 9 in Axes
 23386 | Orc:2    | Reached skill level 9 in Maces & Flails
 23386 | Orc:2    | Reached skill level 9 in Staves
 23386 | Orc:2    | Reached skill level 9 in Slings
 23386 | Orc:2    | Reached skill level 9 in Bows
 23386 | Orc:2    | Reached skill level 9 in Crossbows
 23386 | Orc:2    | Reached skill level 9 in Throwing
 23386 | Orc:2    | Reached skill level 9 in Stealth
 23386 | Orc:2    | Reached skill level 9 in Unarmed Combat
 23386 | Orc:2    | Reached skill level 9 in Spellcasting
 23386 | Orc:2    | Reached skill level 9 in Evocations
 23586 | Orc:2    | Found Teoffif's Antique Armour Emporium.
 23605 | Orc:2    | Found a roughly hewn altar of Beogh.
 23721 | Orc:2    | Found Uttov's Jewellery Boutique.
 24675 | D:12     | Reached skill level 10 in Polearms
 25109 | D:12     | Found Zetugal's General Store.
 25545 | D:13     | Reached skill level 10 in Invocations
 25809 | D:13     | Found a gate to the Vaults.
 26298 | D:13     | Reached skill level 6 in Summonings
 26481 | D:13     | Found a runed translucent gate.
 26481 | D:13     | Found a runed translucent gate.
 26482 | D:13     | Found a runed translucent gate.
 26539 | D:13     | Found the +5 scythe "Finisher" {speed, eviscerate}
 26918 | D:14     | Reached skill level 11 in Fighting
 26918 | D:14     | Reached skill level 11 in Armour
 26918 | D:14     | Reached skill level 11 in Shields
 27667 | D:14     | Found a shimmering altar of Xom.
 27667 | D:14     | Found a shimmering altar of Xom.
 27668 | D:14     | Found a shimmering altar of Xom.
 27811 | D:14     | Found a shimmering altar of Xom.
 27812 | D:14     | Found a shimmering altar of Xom.
 27812 | D:14     | Found a shimmering altar of Xom.
 28139 | D:14     | Noticed Frances
 28162 | D:14     | Killed Frances
 28396 | D:14     | Reached skill level 8 in Conjurations
 28396 | D:14     | Reached skill level 8 in Hexes
 28396 | D:14     | Reached skill level 8 in Necromancy
 28396 | D:14     | Reached skill level 8 in Translocations
 28396 | D:14     | Reached skill level 8 in Transmutations
 28396 | D:14     | Reached skill level 8 in Fire Magic
 28396 | D:14     | Reached skill level 8 in Ice Magic
 28396 | D:14     | Reached skill level 8 in Air Magic
 28396 | D:14     | Reached skill level 8 in Earth Magic
 28396 | D:14     | Reached skill level 8 in Poison Magic
 28669 | D:14     | Found an ornate altar of the Wu Jian Council.
 29188 | D:15     | Entered Level 15 of the Dungeon
 29499 | D:15     | Reached XP level 16. HP: 110/124 MP: 29/29
 30310 | D:15     | Found a blossoming altar of Fedhas.
 30313 | D:15     | Noticed Louise
 30326 | D:15     | Killed Louise
 30333 | D:15     | Killed from afar by an ice dragon

Vanquished Creatures
  Frances (D:14)
  An orc warlord (Orc:2)
  Louise (D:15)
  Nessos (Orc:2)
  A dire elephant (Lair:6)
  Erolcha (Orc:2)
  5 hydras
  A vault guard (D:13)
  A death knight (D:14)
  2 centaur warriors (D:13)
  3 boulder beetles
  8 two-headed ogres
  2 catoblepae
  4 orc high priests (Orc:2)
  2 ogre magi
  17 death yaks
  Urug (Lair:4)
  2 unseen horrors
  A harpy (shapeshifter) (D:15)
  4 orc knights
  Pikel (D:6)
  4 orc sorcerers (Orc:2)
  3 cyclopes
  4 deep elf magi (D:14)
  20 ugly things
  An oklob plant (Lair:4)
  3 manticores
  22 elephants
  A merfolk siren (Lair:3)
  9 cane toads
  2 gargoyles
  6 rime drakes
  11 komodo dragons
  A kobold demonologist (D:14)
  2 hornets
  A polar bear (Lair:4)
  7 trolls
  A harpy skeleton (D:15)
  7 slime creatures
  5 dream sheep (Lair:4)
  7 blink frogs
  A meliai zombie (D:15)
  10 wraiths
  A water elemental (D:14)
  40 yaks
  14 wyverns
  A vampire (D:12)
  7 basilisks
  5 vampire mosquitoes (Lair:3)
  A steam dragon (D:11)
  A warg (Orc:2)
  12 water moccasins
  2 hell hounds (D:15)
  5 ice beasts
  4 black bears
  2 eyes of draining
  38 orc warriors
  3 sky beasts
  2 necrophages
  A phantom (D:7)
  21 ogres
  13 wolves
  16 centaurs
  2 big kobolds
  9 gnoll sergeants
  22 bullfrogs
  3 wyvern skeletons
  2 scorpions
  7 killer bees
  10 wights
  4 howler monkeys
  5 electric eels (D:14)
  A quasit (D:14)
  3 bullfrog zombies
  2 centaur zombies (D:12)
  2 bullfrog skeletons
  6 jellies
  10 hounds
  30 orc priests
  7 gnoll shamans
  2 iguanas
  5 centaur skeletons
  13 worker ants
  Natasha (D:2)
  26 orc wizards
  4 hell rats (D:15)
  A hound skeleton (D:8)
  Robin (D:1)
  A howler monkey zombie (D:9)
  A worker ant zombie (D:10)
  24 gnolls
  2 river rats (Sewer)
  13 adders
  A shadow imp (D:5)
  3 white imps
  2 ufetubi
  4 oozes
  2 adder skeletons
  4 worms
  9 leopard geckos
  134 orcs
  8 giant cockroaches
  13 goblins
  9 hobgoblins
  5 quokkas
  17 ball pythons
  7 bats
  7 frilled lizards
  A jackal skeleton (D:5)
  14 kobolds
  A quokka skeleton (D:7)
  33 rats
870 creatures vanquished.

Vanquished Creatures (others)
  Josephine (Orc:2)
  A two-headed ogre (D:14)
  A deep troll shaman (Lair:6)
  An orc sorcerer (Orc:2)
  Maggie (D:8)
  A komodo dragon (D:14)
  A slime creature (D:14)
  A yak (Lair:2)
  An orc warrior (Orc:2)
  A wolf (Lair:6)
  3 ogres
  2 centaurs (D:13)
  2 bullfrogs
  A hell rat (D:15)
  7 orcs
  27 fungi
  38 plants
90 creatures vanquished.

Grand Total: 960 creatures vanquished
